 Dungeon Crawl Stone Soup version 0.27-a0-1590-g15f69828bf (webtiles) character file.

Game seed: 18442053211781673986

98 duskshroud the Skirmisher (level 4, -2/29 HPs)
             Began as a Gargoyle Fighter on July 19, 2021.
             Slain by an ogre (12 damage)
             ... on level 3 of the Dungeon.
             The game lasted 00:05:39 (2158 turns).

duskshroud the Skirmisher (Gargoyle Fighter)        Turns: 2158, Time: 00:05:40

Health: -2/29      AC: 10    Str: 20    XL:     4   Next: 71%
Magic:  4/4        EV:  9    Int:  9    God:
Gold:   89         SH:  4    Dex:  9    Spells: 3/3 levels left

rFire    . . .     SeeInvis .   a - +0 flail
rCold    . . .     Faith    .   f - +0 buckler
rNeg     + . .     Spirit   .   b - +0 scale mail
rPois    ∞         Reflect  .   (no helmet)
rElec    +         Harm     .   (no cloak)
rCorr    .         Rampage  .   (no gloves)
Will     .....                  (no boots)
Stlth    ..........             (no amulet)
HPRegen  0.09/turn              (no ring)
MPRegen  0.09/turn              (no ring)

@: no status effects
A: sickness immunity, AC +3, negative energy resistance 1, electricity
resistance, torment resistance 1, petrification resistance
a: no special abilities


You were on level 3 of the Dungeon.
You visited 1 branch of the dungeon, and saw 3 of its levels.

You collected 89 gold pieces.

Inventory:

Hand Weapons
 a - a +0 flail (weapon)
Missiles
 e - 29 arrows
 h - 9 poisoned darts (quivered)
Armour
 b - a +0 scale mail (worn)
 c - a +0 kite shield
 f - a +0 buckler (worn)
Scrolls
 g - 2 scrolls of immolation {unknown}
 i - 2 scrolls of identify {unknown}
 j - a scroll of teleportation {unknown}
Potions
 d - a potion of might
 k - a potion of curing {unknown}
 l - a potion of berserk rage {unknown}


   Skills:
 + Level 4.2 Fighting
 * Level 3.5 Maces & Flails
 - Level 3.2 Armour
 - Level 4.0 Shields


You had 3 spell levels left.
You didn't know any spells.
Your spell library was empty.

Dungeon Overview and Level Annotations

Branches:
Dungeon (3/15)

Altars:


Innate Abilities, Weirdness & Mutations

You are immune to sickness and miasma.
Your stone body is resilient. (AC +3)
You are immune to poison.
You resist negative energy. (rN+)
You are resistant to electric shocks. (rElec)
You are resistant to unholy torment.
You are immune to petrification.


Message History

A rat comes into view.
You block the rat's attack.
You hit the rat.
You kill the rat!
No target in view!
l - an amethyst potion You enter the shallow water.
Moving in this stuff is going to be slow.
You enter the shallow water.
Moving in this stuff is going to be slow.
You enter the shallow water.
Moving in this stuff is going to be slow.
Done exploring.
You see here a +0 club.
You enter the shallow water.
Moving in this stuff is going to be slow.
There is a stone staircase leading down here.
You climb downwards.
There is a stone staircase leading up here.
i - 2 scrolls labelled AMMIR AMMI (gained 1)
There is a stone staircase leading up here.
You climb upwards.
There is a stone staircase leading down here.
There is a stone staircase leading down here.
You climb downwards.
There is a stone staircase leading up here.
You now have 89 gold pieces (gained 13).
There is a stone staircase leading up here.
An ogre comes into view. It is wielding a +0 giant club.
There is a stone staircase leading up here.
The ogre barely misses you.
There is a stone staircase leading up here.
A bat comes into view.
You block the bat's attack.
You sock the bat!
You kill the bat!
The ogre hits you with a +0 giant club! The ogre hits you with a +0 giant club!
The ogre hits you with a +0 giant club!
You die...

# #.#.....#.#
####.#.#.#.###.####
........<..........
###.#...#.###.####
#####.# #.# ### ..#
#.# #.###########.#
#.O...........#
#@############# #.#
... #.... #.....
#.....# # #....$# #
#...... # #


You could see an ogre.

Vanquished Creatures
  2 gnolls (D:2)
  2 adders (D:2)
  4 bats
  3 endoplasms
  A giant cockroach (D:2)
  9 goblins
  4 hobgoblins
  10 jackals
  5 quokkas
  3 ball pythons (D:2)
  2 frilled lizards (D:1)
  4 kobolds
  7 rats
56 creatures vanquished.

Vanquished Creatures (others)
  21 plants (D:2)
21 creatures vanquished.

Grand Total: 77 creatures vanquished

Notes
Turn   | Place    | Note
-------+----------+-------------------------------------------
     0 | D:1      | duskshroud the Gargoyle Fighter began the quest for the
                  | Orb.
     0 | D:1      | Reached XP level 1. HP: 14/14 MP: 1/1
   342 | D:1      | Reached XP level 2. HP: 19/19 MP: 2/2
   344 | D:1      | Found a faded altar of an unknown god.
   805 | D:1      | Reached XP level 3. HP: 23/23 MP: 3/3
  1422 | D:2      | Reached XP level 4. HP: 29/29 MP: 4/4
  2131 | D:3      | Noticed an ogre
  2158 | D:3      | Slain by an ogre

Illustrated notes

Levels and vault maps discovered:
D:1:      nicolae_arrival_washed_ashore, layout_loops_ring,
          hellmonk_ecumenical_altar_zigzags
D:2:      layout_loops_ring, serial_bayou_ford_a, minmay_octomino_j4
D:3:      layout_basic

Skill      XL: |  1  2  3  4 |
---------------+-------------+-----
Shields        | 4 |  4.0
Maces & Flails | 3 |  3.5
Fighting       | 4 |  4.2
Armour         | |  3.2

Action                   |  1- 3 |  4- 6 || total
-------------------------+-------+-------++-------
Melee: Flail             |   126 |    71 ||   197
Armor: Scale mail        |    78 |    50 ||   128
Dodge: Dodged            |    66 |    51 ||   117
Block: Buckler           |    19 |    20 ||    39

Table legend: (Time is in decaauts)
 A = Elapsed time spent in this place.
 B = Non-inter-level travel time spent in this place.
 C = Inter-level travel time spent in this place.
 D = Time resting spent in this place.
 E = Time spent auto-exploring this place.
 F = Levels seen in this place.
 G = Mean time per level.
                   A        B        C        D        E       F      G
               +--------+--------+--------+--------+--------+-----+--------+
         Total |   2215 |   2134 |     81 |    529 |   1057 |   3 |  738.3 |
       Dungeon |   2215 |   2134 |     81 |    529 |   1057 |   3 |  738.3 |
               +--------+--------+--------+--------+--------+-----+--------+

Top non-repeatable levels by time:
     D:2: 1097 daAuts
     D:1: 1079 daAuts
     D:3: 38 daAuts
